 Dungeon Crawl Stone Soup version 0.29.1-15-g9cfb28693d (webtiles) character file.

Game seed: 256322852415219693

7338 workbot the Protected (level 10, -2/93 HPs)
             Began as a Minotaur Berserker on Feb 28, 2023.
             Was an Elder of Trog.
             Slain by an orc wizard
             ... wielding a +4 dagger
              (6 damage)
             ... on level 9 of the Dungeon.
             The game lasted 00:31:45 (8316 turns).

workbot the Protected (Minotaur Berserker)          Turns: 8316, Time: 00:31:46

Health: -2/93      AC: 22    Str: 33    XL:     10   Next: 91%
Magic:  9/9        EV:  9    Int:  4    God:    Trog [****..]
Gold:   483        SH: 10    Dex:  9    Spells: 9/9 levels left

rFire   . . .      SeeInvis .   x - +4 flail (freeze)
rCold   . . .      Faith    .   g - +0 buckler
rNeg    . . .      Spirit   .   k - +0 plate armour
rPois   .          Reflect  +   (helmet restricted)
rElec   .          Harm     .   (no cloak)
rCorr   .          Rampage  .   o - +0 pair of gloves
Will    .....                   t - +0 pair of boots
Stlth   ..........              i - amulet of reflection
HPRegen 0.25/turn               e - +4 ring of protection
MPRegen 0.11/turn               q - +6 ring of strength

@: about to teleport
A: horns 2, retaliatory headbutt, sense surroundings 1, wild magic 1
a: Renounce Religion, Berserk, Trog's Hand, Brothers in Arms


You were on level 9 of the Dungeon.
You worshipped Trog.
Trog was greatly pleased with you.
You visited 2 branches of the dungeon, and saw 10 of its levels.

You collected 483 gold pieces.

Inventory:

Hand Weapons
 v - the +0 great sword of Tomorrow {vorpal, Contam rPois rN+}
   (You found it on level 8 of the Dungeon)

   It inflicts extra damage upon your enemies.
   rPois:     It protects you from poison.
   rN:        It protects you from negative energy.
   Contam:    It causes magical contamination when unequipped.
 x - a +4 flail of freezing (weapon)
Armour
 g - a +0 buckler (worn)
 k - a +0 plate armour (worn)
 o - a +0 pair of gloves (worn)
 t - a +0 pair of boots (worn)
Jewellery
 e - a +4 ring of protection (left hand)
 i - an amulet of reflection (around neck)
 q - a +6 ring of strength (right hand)
 w - a ring of poison resistance
Scrolls
 a - a scroll of poison {unknown}
 b - 4 scrolls of teleportation
 c - 4 scrolls of identify
 f - a scroll of fear
 l - 2 scrolls of silence
 n - a scroll of blinking
 p - 3 scrolls of butterflies
Potions
 d - 2 potions of heal wounds
 h - a potion of magic
 j - 8 potions of curing
 m - a potion of lignification
 u - a potion of flight


   Skills:
 - Level 10.3 Fighting
 - Level 10.0(11.1) Axes
 * Level 7.8(10.1) Maces & Flails
 - Level 11.2 Armour
 - Level 3.0 Dodging
 + Level 6.3 Shields


You had 9 spell levels left.
You didn't know any spells.
Your spell library contained the following spells:

 Spells                   Type           Power      Damage    Failure   Level
 Apportation              Tloc           0%         N/A       99%         1
 Beastly Appendage        Tmut           0%         N/A       99%         1
 Magic Dart               Conj           0%         1d3       99%         1
 Necrotise                Necr           0%         1d4       99%         1
 Searing Ray              Conj           0%         2d4       100%        2
 Wereblood                Tmut           0%         N/A       100%        2
 Portal Projectile        Hex/Tloc       0%         N/A       100%        3
 Spider Form              Tmut/Pois      0%         N/A       100%        3
 Tukima's Dance           Hex            0%         N/A       100%        3
 Vampiric Draining        Necr           0%         2d6       100%        3
 Fulminant Prism          Conj/Hex       0%         3d6       100%        4
 Agony                    Necr           0%         N/A       100%        5
 Alistair's Intoxication  Tmut/Pois      0%         N/A       100%        5
 Blade Hands              Tmut           0%         N/A       100%        5


Dungeon Overview and Level Annotations

Branches:
Dungeon (9/15)             Temple (0/1) D:5             Orc (1/2) D:9
   Lair: D:8-11

Altars:
Cheibriados
Dithmenos
Elyvilon
Fedhas
Hepliaklqana
Makhleb
Nemelex Xobeh
Okawaru
Qazlal
Trog
Vehumet
Yredelemnul

Shops:
D:3 :   D:9 (


Innate Abilities, Weirdness & Mutations

You have a pair of horns on your head.
You reflexively headbutt those who attack you in melee.
You passively map a small area around you.
Your spells are a little harder to cast, but a little more powerful.


Message History

The orc wizard completely misses you. The orc hits you but does no damage.
The orc knight hits you but does no damage.
The orc knight hits your ogre with a +0 battleaxe!
The orc warrior closely misses you.
You sock the orc! You freeze the orc.
You kill the orc!
Trog accepts your kill.
Your ogre hits the orc knight with a +0 giant club!
The orc warrior barely misses you. You furiously retaliate!
You headbutt the orc warrior. The orc knight barely misses your ogre.
The orc knight hits you but does no damage.
The orc wizard mumbles some strange words.
The orc wizard flickers and vanishes!
Deactivating autopickup; reactivate with Ctrl-A.
As you read the scroll of teleportation, it crumbles to dust.
You feel strangely unstable.
Your ogre hits the orc knight with a +0 giant club!!
You block the orc warrior's attack.
The orc knight hits your ogre with a +0 battleaxe!
The orc knight hits you but does no damage.
Something completely misses you.
You hit the orc warrior but do no damage.
The orc warrior is lightly wounded.
Your ogre barely misses the orc knight.
The orc warrior hits you but does no damage.
The orc knight hits your ogre with a +0 battleaxe!
Your ogre dies!
Your ogre's corpse disappears in a puff of smoke!
The orc knight barely misses you. Something hits you but does no damage.
The orc knight shouts!
You hit the orc warrior. You freeze the orc warrior.
You headbutt the orc warrior!
The orc warrior is severely wounded.
You sock the orc warrior! You freeze the orc warrior.
You kill the orc warrior!
Trog accepts your kill.
The orc knight hits you with a +0 battleaxe.
* * * LOW HITPOINT WARNING * * *
Something hits you.
You die...

.................##..............
...........##....##....##........
...........##..........##.......#
......##........................#
......##.)..........÷......##....
...........................##....
#....)......!...§................
#...##)))[.....o)................
#...##.))......)@)..........##...
#.....))[.......{...........##...
#................................
.....##........###..^............
.....##........)..........##.....
..........................##.....
.........##..........##..........
.........##....##....##..........
...............##...............#


You could see an orc knight.

Vanquished Creatures
  A two-headed ogre (D:9)
  An orc sorcerer (D:9)
  A troll (D:9)
  A hornet (D:8)
  2 wyverns
  10 yaks
  2 steam dragons
  A warg (D:9)
  2 water moccasins
  6 black bears
  3 orc warriors (D:9)
  An ice beast (D:6)
  An ogre (Orc:1)
  3 centaurs
  4 kobold brigands
  A gnoll sergeant (D:9)
  2 necrophages
  A bullfrog (D:9)
  2 scorpions
  8 wights
  9 killer bees
  A howler monkey (D:6)
  4 jellies
  A hound (D:3)
  4 orc priests
  A gnoll bouda (D:9)
  Jessica (D:2)
  4 iguanas
  7 orc wizards
  2 hound zombies (D:5)
  9 gnolls (D:9)
  12 adders
  3 white imps
  An ufetubus (D:7)
  4 dart slugs
  48 orcs
  7 endoplasms
  2 giant cockroaches
  9 goblins
  7 hobgoblins
  3 jackals (D:3)
  25 kobolds
  7 quokkas
  6 ball pythons
  A bat (D:1)
  2 frilled lizards (D:2)
  9 rats
242 creatures vanquished.

Notes
Turn   | Place    | Note
-------+----------+-------------------------------------------
     0 | D:1      | workbot the Minotaur Berserker began the quest for the Orb.
     0 | D:1      | Reached XP level 1. HP: 19/19 MP: 0/0
    66 | D:1      | Reached XP level 2. HP: 25/26 MP: 1/1
   610 | D:1      | Reached skill level 5 in Axes
   667 | D:1      | Found a faded altar of an unknown god.
  1083 | D:1      | Reached XP level 3. HP: 31/31 MP: 2/2
  1425 | D:2      | Reached ** piety under Trog
  1445 | D:2      | Noticed Jessica
  1457 | D:2      | Killed Jessica
  1458 | D:2      | Reached XP level 4. HP: 39/39 MP: 3/3
  1764 | D:3      | Found Gigic's Book Shop.
  1832 | D:3      | Found a shadowy altar of Dithmenos.
  1919 | D:3      | Reached XP level 5. HP: 45/45 MP: 4/4
  2069 | D:3      | Found a white marble altar of Elyvilon.
  2490 | D:3      | Found an iron altar of Okawaru.
  2521 | D:4      | Noticed a black bear
  2522 | D:4      | Noticed a black bear
  2523 | D:4      | Found a bloodstained altar of Trog.
  2523 | D:4      | Noticed a black bear
  2532 | D:3      | Killed a black bear
  2533 | D:3      | Reached XP level 6. HP: 51/51 MP: 5/5
  2597 | D:4      | Found a sparkling altar of Nemelex Xobeh.
  2637 | D:4      | Reached XP level 7. HP: 35/57 MP: 6/6
  3206 | D:4      | Gained mutation: You passively map a small area around you.
                  | [potion of mutation]
  3206 | D:4      | Gained mutation: Your spells are a little harder to cast,
                  | but a little more powerful. [potion of mutation]
  3277 | D:5      | Entered Level 5 of the Dungeon
  3282 | D:5      | Reached skill level 10 in Axes
  3307 | D:5      | Reached *** piety under Trog
  3314 | D:5      | Reached skill level 3 in Armour
  3376 | D:5      | Reached skill level 4 in Armour
  3399 | D:5      | Found a staircase to the Ecumenical Temple.
  3482 | D:5      | Reached skill level 5 in Fighting
  3787 | D:5      | Found a basalt altar of Yredelemnul.
  4076 | D:6      | Reached XP level 8. HP: 69/69 MP: 7/7
  4079 | D:6      | Reached skill level 5 in Armour
  4211 | D:6      | Reached skill level 6 in Armour
  4529 | D:6      | Reached skill level 7 in Armour
  4612 | D:6      | Found a blossoming altar of Fedhas.
  5055 | D:7      | Reached **** piety under Trog
  5308 | D:7      | Reached XP level 9. HP: 82/82 MP: 8/8
  5347 | D:7      | Reached skill level 8 in Armour
  6119 | D:8      | Paralysed by a hornet for 3 turns
  6126 | D:8      | Reached skill level 9 in Armour
  6180 | D:8      | Found a burning altar of Makhleb.
  6180 | D:8      | Found a stormy altar of Qazlal.
  6181 | D:8      | Found a snail-covered altar of Cheibriados.
  6181 | D:8      | Found a hazy altar of Hepliaklqana.
  6185 | D:8      | Found a radiant altar of Vehumet.
  6331 | D:8      | Reached skill level 10 in Fighting
  6403 | D:8      | Identified the +0 great sword of Tomorrow {vorpal, Contam
                  | rPois rN+}
  6472 | D:8      | Reached skill level 10 in Armour
  6487 | D:8      | Reached skill level 11 in Armour
  6883 | D:8      | Reached XP level 10. HP: 93/93 MP: 9/9
  6958 | D:9      | Reached skill level 1 in Shields
  7332 | D:9      | Noticed a two-headed ogre
  7340 | D:9      | Killed a two-headed ogre
  7483 | D:9      | Found a staircase to the Orcish Mines.
  7569 | D:9      | Reached skill level 5 in Maces & Flails
  7575 | D:9      | Reached skill level 5 in Shields
  7576 | D:9      | Reached ***** piety under Trog
  7769 | D:9      | Found Pyblow's Weapon Boutique.
  8157 | Orc:1    | Entered Level 1 of the Orcish Mines
  8157 | Orc:1    | Noticed an orc knight
  8157 | Orc:1    | Noticed an orc sorcerer
  8171 | D:9      | Killed an orc sorcerer
  8316 | D:9      | HP: 4/93 [orc knight/+0 battleaxe (4)]
  8316 | D:9      | Slain by an orc wizard

Illustrated notes

Levels and vault maps discovered:
D:1:      nzn_arrival_settlement, layout_basic,
          hellmonk_ecumenical_altar_run_dry,
          hangedman_abyss_or_decor_lesser_grid
D:2:      layout_rooms, uniq_jessica
D:3:      layout_loops_ring, mainiacjoe_overflow_catwalk,
          mainiacjoe_overflow_alcove_2, lemuel_coloured_pillars_altar,
          serial_shops, nicolae_shop_hallway_stairs, kennysheep_generic_room_5
D:4:      layout_cave_pools, nemelex_xobeh_ov_fountains_minmay,
          trog_ov_bears_minmay, serial_bayou, serial_bayou_pond_e,
          serial_bayou_pond_c, serial_bayou_pond_a, serial_bayou_shore_b
D:5:      layout_rooms, lemuel_zombie_altar_yredelemnul, temple_pool_b,
          serial_glass, glass_columns_a, glass_columns_a,
          grunt_decor_mini_mirrors
D:6:      layout_gridville, fedhas_altar_fruit_tree
D:7:      layout_loops_ring, dk_rats_in_the_wall
D:8:      layout_basic, minitemple, corner_web_ring, kennysheep_another_room,
          minmay_checkerbox
D:9:      layout_small_grid, erik_orc_4, serial_shops, shop
Orc:1:    layout_caves

Skill      XL: |  1  2  3  4  5  6  7  8  9 10 |
---------------+-------------------------------+-----
Axes           | 4 5 6 8 9 10 | 10.0
Fighting       | 5 8 10 | 10.3
Armour         | 4 7 11 | 11.2
Shields        | 6 |  6.3
Dodging        | 3 |  3.0
Maces & Flails | 7 |  7.8

Action                   |  1- 3 |  4- 6 |  7- 9 | 10-12 || total
-------------------------+-------+-------+-------+-------++-------
Melee: Hand axe          |    72 |    81 |   273 |    30 ||   456
       Headbutt          |     9 |    11 |    47 |    15 ||    82
       Flail             |       |       |       |   112 ||   112
Invok: Berserk           |     2 |     2 |     7 |     4 ||    15
       Trog's Hand       |     1 |       |     2 |     2 ||     5
       Brothers in Arms  |       |       |       |     1 ||     1
  Use: Scroll            |     5 |     3 |     3 |     1 ||    12
       Potion            |     4 |     2 |     7 |     2 ||    15
Armor: Animal skin       |    13 |       |       |       ||    13
       Ring mail         |    11 |    18 |       |       ||    29
       Plate armour      |       |    22 |   132 |    74 ||   228
       Skin              |       |       |       |   177 ||   177
Dodge: Dodged            |    39 |    33 |    65 |    65 ||   202
Block: Buckler           |       |    23 |    85 |   145 ||   253
       Other             |       |     4 |       |       ||     4
       Reflection        |       |       |     7 |     2 ||     9
